 Dungeon Crawl Stone Soup version 0.26-b1-32-g5d43845318 (webtiles) character file.

Game seed: 12621082476869937308

56064 wakim the Grappler (level 14, -2/140 HPs)
             Began as a Troll Fighter on Jan 9, 2021.
             Was the Champion of Okawaru.
             Slain by a four-headed hydra (4 damage)
             ... on level 5 of the Lair of Beasts.
             The game lasted 00:56:57 (16009 turns).

wakim the Grappler (Troll Fighter)                 Turns: 16009, Time: 00:56:57

Health: -2/140     AC: 16    Str: 29    XL:     14   Next: 40%
Magic:  0/18       EV: 12    Int:  6    God:    Okawaru [******]
Gold:   1289       SH: 11    Dex:  9    Spells: 13/13 levels left

rFire    . . .     SeeInvis .   a - +5 broad axe of Vamet {flame, +Fly}
rCold    . . .     Faith    .   N - +0 kite shield
rNeg     + . .     Spirit   +   v - +2 swamp dragon scales
rPois    +         Reflect  .   L - +0 hat
rElec    .         Harm     .   w - +0 cloak
rCorr    .         Rampage  .   (gloves unavailable)
Will     +....                  (boots unavailable)
Stlth    ..........             A - amulet of guardian spirit
HPRegen  0.73/turn              h - ring of positive energy
MPRegen  0.16/turn              t - +4 ring of slaying

@: studying Stealth
A: large, unfitting armour, claws 3, regeneration 1, shaggy fur 1, tough skin 3
a: Renounce Religion, Evoke Flight, Heroism, Finesse


You were on level 5 of the Lair of Beasts.
You worshipped Okawaru.
Okawaru was exalted by your worship.
You visited 3 branches of the dungeon, and saw 19 of its levels.

You collected 1289 gold pieces.

Inventory:

Hand Weapons
 a - the +5 broad axe of Vamet (weapon) {flame, +Fly}
   (Okawaru gifted it to you on level 1 of the Lair of Beasts)

   It has been specially enchanted to burn those struck by it, causing extra
   injury to most foes and up to half again as much damage against particularly
   susceptible opponents.
   Big, fiery blades are also staple armaments of hydra-hunters.
   It lets you fly.
Missiles
 m - 8 large rocks (quivered)
 q - 16 javelins
 H - 11 atropa-tipped darts
Armour
 v - +2 swamp dragon scales (worn)
 w - a +0 cloak (worn)
 E - +0 steam dragon scales
 L - a +0 hat (worn)
 N - a +0 kite shield (worn)
Jewellery
 h - a ring of positive energy (left claw)
 j - an uncursed amulet of reflection
 n - a +6 ring of intelligence
 t - a +4 ring of slaying (right claw)
 A - an amulet of guardian spirit (around neck)
Wands
 l - a wand of acid (15)
 s - a wand of polymorph (32)
 x - a wand of iceblast (22)
 B - a wand of flame (17)
 G - a wand of digging (6)
 I - a wand of paralysis (18)
Scrolls
 d - 4 scrolls of fear
 e - 13 scrolls of identify
 f - 5 scrolls of amnesia
 g - 9 scrolls of teleportation
 y - a scroll of enchant weapon
 z - a scroll of fog
 D - a scroll of enchant armour
 K - 6 scrolls of remove curse
 M - a scroll of blinking
Potions
 b - a potion of degeneration {unknown}
 c - 2 potions of berserk rage
 i - 10 potions of ambrosia
 k - 8 potions of curing
 o - 3 potions of resistance
 r - 2 potions of heal wounds
 u - 2 potions of flight
 C - a potion of haste
 F - a potion of might
 J - a potion of brilliance
Books
 p - a manual of Stealth


   Skills:
 * Level 9.4 Fighting
 + Level 6.5 Throwing
 + Level 6.6 Armour
 + Level 7.9 Dodging
 + Level 8.3 Shields
 * Level 13.5 Unarmed Combat
 + Level 7.5 Invocations


You had 13 spell levels left.
You didn't know any spells.
Your spell library contained the following spells:

 Spells                   Type           Power        Failure   Level
 Pain                     Necr           0%           61%         1
 Corpse Rot               Necr/Air       N/A          75%         2
 Passwall                 Tmut/Erth      0%           75%         2
 Ignite Poison            Fire/Tmut/Pois 0%           93%         3
 Animate Dead             Necr           0%           100%        4
 Leda's Liquefaction      Hex/Erth       0%           100%        4
 Borgnjor's Vile Clutch   Necr/Erth      0%           100%        5
 Fireball                 Conj/Fire      0%           100%        5
 Conjure Ball Lightning   Conj/Air       0%           100%        6
 Starburst                Conj/Fire      0%           100%        6
 Ignition                 Fire           0%           100%        8
 Shatter                  Erth           0%           100%        9


Dungeon Overview and Level Annotations

Branches:
Dungeon (12/15)            Temple (1/1) D:4            Lair (6/6) D:10
  Swamp (0/4) Lair:3        Snake (0/4) Lair:2        Slime (0/5) Lair:6
    Orc (0/2) D:11

Altars:
Ashenzari
Cheibriados
Dithmenos
Elyvilon
Fedhas
Gozag
Hepliaklqana
Kikubaaqudgha
Makhleb
Nemelex Xobeh
Okawaru
Qazlal
Ru
Sif Muna
Trog
Uskayaw
Vehumet
Wu Jian
Xom
Yredelemnul
Zin
The Shining One
Beogh
Jiyva

Shops:
D:6 [   D:7 =(   D:10 (

Annotations:
D:12 Frances
Lair:3 3 runed translucent doors, Befuwnopp's ghost, journeyman TrHu; Ruicvywi's ghost, journeyman OgTm


Innate Abilities, Weirdness & Mutations

You are too large for most types of armour.
You have claws for hands.
Your natural rate of healing is unusually fast.
You are covered in fur. (AC +1)
You have extremely tough skin. (AC +3)


Message History

The five-headed hydra barely misses you.
The five-headed hydra completely misses you.
The water moccasin misses you. The wyvern barely misses you.
You block the five-headed hydra's attack.
The five-headed hydra barely misses you. x2
The five-headed hydra bites you but does no damage.
The five-headed hydra barely misses you.
The water moccasin barely misses you. The wyvern bites you.
* * * LOW HITPOINT WARNING * * *
You slice one of the five-headed hydra's heads off!
The flame cauterises the wound!
You slice the four-headed hydra!! You burn the four-headed hydra!
The four-headed hydra is severely wounded.
You hit the wyvern. You burn the wyvern. You slash the water moccasin!
You burn the water moccasin. You block the wyvern's attack.
You block the water moccasin's attack.
The four-headed hydra completely misses you.
The four-headed hydra closely misses you.
The four-headed hydra bites you.
You die...

######### #########
###..##)..###....##.#
#P..(...............##
##...................#
##..................##
#..................#.#
#...................##
##.....D@l.........##
#<....S...........#
#.................##
##.#.###.#..........# #..###
#............# ### ######.#
##..<........##
#.###..###.#######..........P#
...##..P##..#.##............##
.......P..............>.....#


You could see a four-headed hydra, a water moccasin and a wyvern.

Vanquished Creatures
  Snorg (Lair:5)
  2 hydras
  A two-headed ogre (D:8)
  Sonja (Lair:4)
  2 unseen horrors
  4 bog bodies (Lair:3)
  An orc knight (D:11)
  Pikel (D:5)
  A cyclops (D:11)
  3 ugly things
  8 black mambas
  Psyche (D:11)
  Maggie (D:6)
  A gargoyle (D:5)
  15 cane toads
  4 rime drakes
  4 komodo dragons
  A queen bee (Lair:2)
  2 polar bears (Lair:2)
  A troll (D:11)
  38 blink frogs
  5 slime creatures
  3 wyverns
  A water elemental (D:11)
  A shadow (D:11)
  3 basilisks
  A fire elemental (Lair:4)
  3 vampire mosquitoes (D:12)
  51 yaks
  2 steam dragons
  Edmund (D:5)
  Menkaure (D:5)
  A swamp worm (Lair:3)
  11 water moccasins
  9 orc warriors
  3 ice beasts
  3 sky beasts
  4 black bears
  A necrophage (D:9)
  3 ogres
  5 phantoms
  3 wolves
  A lemure (D:5)
  3 centaurs
  The ghost of polelong the Grave Robber, an amateur DsNe (D:3)
  A big kobold (D:9)
  24 bullfrogs
  2 gnoll sergeants
  25 killer bees
  4 scorpions
  3 wights (D:12)
  2 howler monkeys
  8 electric eels
  A lava snake (Lair:4)
  A jelly (D:11)
  3 bullfrog skeletons
  8 hounds
  8 orc priests
  2 gnoll shamans
  8 orc wizards
  A centaur skeleton (D:11)
  4 iguanas
  Ijyb (D:4)
  Terence (D:2)
  14 worker ants
  A bullfrog simulacrum (D:7)
  A hound skeleton (D:8)
  A howler monkey zombie (D:5)
  A worker ant zombie (D:7)
  17 gnolls
  11 adders
  5 shadow imps
  2 white imps
  4 ufetubi
  3 oozes
  2 worms
  A dart slug (D:1)
  4 leopard geckos
  50 orcs
  A bat (D:1)
  3 giant cockroaches
  10 goblins
  5 hobgoblins
  19 jackals
  2 quokkas
  2 ball pythons
  6 frilled lizards
  A jackal skeleton (D:8)
  13 kobolds
  A quokka skeleton (D:5)
  7 rats
507 creatures vanquished.

Vanquished Creatures (others)
  An adder (D:7)
  An orc (D:11)
  17 fungi
  42 plants
61 creatures vanquished.

Grand Total: 568 creatures vanquished

Notes
Turn   | Place    | Note
-------+----------+-------------------------------------------
     0 | D:1      | wakim the Troll Fighter began the quest for the Orb.
     0 | D:1      | Reached XP level 1. HP: 22/22 MP: 0/0
   143 | D:1      | Reached XP level 2. HP: 29/29 MP: 1/1
   274 | D:1      | Reached XP level 3. HP: 30/36 MP: 2/2
   653 | D:2      | Noticed Terence
   658 | D:2      | Killed Terence
   659 | D:2      | Reached skill level 3 in Unarmed Combat
   659 | D:2      | Reached XP level 4. HP: 44/44 MP: 3/3
  1455 | D:3      | Found a transporter.
  1456 | D:3      | Found a transporter.
  1456 | D:3      | Noticed polelong's ghost (amateur DsNe)
  1639 | D:3      | Reached XP level 5. HP: 13/53 MP: 4/4
  2316 | D:4      | Reached skill level 4 in Unarmed Combat
  2330 | D:4      | Found a glowing silver altar of Zin.
  2354 | D:4      | Reached XP level 6. HP: 47/61 MP: 5/5
  2440 | D:4      | Noticed Ijyb
  2482 | D:4      | HP: 2/61 [something/magic dart (8)]
  2487 | D:4      | HP: 3/61 [something/puff of frost (6)]
  2501 | D:4      | HP: 3/61 [something/magic dart (6)]
  2502 | D:4      | HP: 1/61 [something (3)]
  2619 | D:4      | Reached skill level 5 in Unarmed Combat
  2619 | D:4      | Reached XP level 7. HP: 67/67 MP: 6/6
  2652 | D:4      | Found a staircase to the Ecumenical Temple.
  2658 | Temple   | Entered the Ecumenical Temple
  2738 | Temple   | Became a worshipper of Warmaster Okawaru
  2788 | D:4      | Killed Ijyb
  3265 | D:5      | Entered Level 5 of the Dungeon
  3281 | D:5      | Noticed Menkaure
  3294 | D:5      | Killed Menkaure
  3294 | D:5      | Reached * piety under Okawaru
  3295 | D:5      | Reached skill level 6 in Unarmed Combat
  3295 | D:5      | Reached XP level 8. HP: 54/78 MP: 7/7
  3426 | D:5      | Noticed Edmund
  3443 | D:5      | Killed Edmund
  3603 | D:5      | Found a large runed translucent door.
  3603 | D:5      | Found a large runed translucent door.
  3607 | D:5      | Noticed a gargoyle
  3645 | D:5      | Noticed Pikel
  3668 | D:5      | Killed Pikel
  3668 | D:5      | Reached ** piety under Okawaru
  3669 | D:5      | Reached skill level 7 in Unarmed Combat
  3804 | D:5      | Found a large runed translucent door.
  3804 | D:5      | Found a large runed translucent door.
  3838 | D:5      | Reached skill level 5 in Fighting
  3838 | D:5      | Reached skill level 5 in Dodging
  3844 | D:5      | Reached skill level 5 in Shields
  3844 | D:5      | Reached XP level 9. HP: 86/88 MP: 8/8
  3973 | D:5      | Found a burning altar of Makhleb.
  3978 | D:5      | Found an opulent altar of Gozag.
  3981 | D:5      | Found a white marble altar of Elyvilon.
  4130 | D:6      | Noticed Maggie
  4141 | D:6      | Killed Maggie
  4141 | D:6      | Reached *** piety under Okawaru
  4142 | D:6      | Reached skill level 8 in Unarmed Combat
  4142 | D:6      | Reached skill level 1 in Invocations
  4494 | D:6      | Found Utoysecw's Antique Armour Emporium.
  4947 | D:7      | Reached skill level 1 in Throwing
  4969 | D:7      | Reached skill level 1 in Armour
  5211 | D:7      | Killed an unseen horror
  5216 | D:7      | Reached **** piety under Okawaru
  5250 | D:7      | Found Netur's Jewellery Emporium.
  5304 | D:6      | Reached XP level 10. HP: 52/97 MP: 10/10
  5460 | D:7      | Identified Xinepal's Volume of Darkness and the Birds
  5466 | D:7      | Found Xaqosium's Weapon Shop.
  5475 | D:7      | Reached skill level 9 in Unarmed Combat
  5615 | D:7      | Received a gift from Okawaru
  6669 | D:8      | Noticed a two-headed ogre
  6838 | D:8      | Killed a two-headed ogre
  6838 | D:8      | Reached ***** piety under Okawaru
  7408 | D:9      | Received a gift from Okawaru
  7728 | D:10     | Entered Level 10 of the Dungeon
  7813 | D:10     | Reached skill level 10 in Unarmed Combat
  7991 | D:10     | Found a staircase to the Lair.
  8015 | D:10     | Found Komapu's Weapon Boutique.
  8392 | D:11     | Noticed a cyclops
  8511 | D:11     | Reached XP level 11. HP: 98/106 MP: 9/12
  8523 | D:11     | Noticed a white ugly thing
  8529 | D:11     | Killed a white ugly thing
  8586 | D:11     | Noticed Psyche
  8607 | D:11     | Killed Psyche
  8765 | D:11     | Killed an unseen horror
  8796 | D:11     | Noticed a red ugly thing
  8806 | D:11     | Killed a red ugly thing
  8959 | D:11     | Found a roughly hewn altar of Beogh.
  8959 | D:11     | Found a staircase to the Orcish Mines.
  8988 | D:11     | Noticed an orc knight
  8998 | D:11     | Killed an orc knight
  8998 | D:11     | Received a gift from Okawaru
  9054 | D:11     | Received a gift from Okawaru
  9390 | D:11     | Reached skill level 5 in Armour
  9390 | D:11     | Reached skill level 11 in Unarmed Combat
  9390 | D:11     | Reached skill level 5 in Invocations
  9390 | D:11     | Reached XP level 12. HP: 118/118 MP: 13/15
  9410 | D:12     | Received a gift from Okawaru
  9768 | D:12     | Noticed Frances
  9919 | Lair:1   | Entered Level 1 of the Lair of Beasts
 10071 | Lair:1   | Reached skill level 12 in Unarmed Combat
 10150 | Lair:1   | Reached XP level 13. HP: 42/126 MP: 5/16
 10156 | Lair:1   | Received a gift from Okawaru
 10488 | Lair:1   | Reached skill level 5 in Throwing
 11107 | Lair:1   | Reached ****** piety under Okawaru
 11447 | Lair:2   | Received a gift from Okawaru
 11455 | Lair:2   | Got a masterwork arbalest {god gift}
 11459 | Lair:2   | Found a staircase to the Snake Pit.
 12063 | Lair:3   | Found a runed translucent gate.
 12063 | Lair:3   | Found a runed translucent gate.
 12063 | Lair:3   | Found a runed translucent gate.
 12067 | Lair:3   | Noticed Befuwnopp's ghost (journeyman TrHu)
 12067 | Lair:3   | Noticed Ruicvywi's ghost (journeyman OgTm)
 12347 | Lair:3   | Found a staircase to the Swamp.
 12353 | Lair:3   | Received a gift from Okawaru
 12468 | Lair:3   | Got a distressingly furry cloak
 12479 | Lair:3   | Identified the +0 cloak "Masac" {*Slow rC+ rN+ Str+2} (You
                  | found it on level 3 of the Lair of Beasts)
 12949 | D:3      | Killed polelong's ghost
 13039 | D:5      | Reached skill level 13 in Unarmed Combat
 13050 | D:5      | Identified Sif Muna's Collected Works on Stones
 13663 | Lair:4   | Noticed Sonja
 13813 | Lair:1   | Got an iridescent broad axe {god gift}
 13814 | Lair:1   | Identified the +5 broad axe of Vamet {flame, +Fly} (Okawaru
                  | gifted it to you on level 1 of the Lair of Beasts)
 14005 | Lair:4   | Killed Sonja
 14005 | Lair:4   | Received a gift from Okawaru
 14006 | Lair:4   | Reached XP level 14. HP: 106/137 MP: 14/18
 14017 | Lair:4   | Got a masterwork lajatang {god gift}
 15080 | Lair:5   | Noticed Snorg
 15095 | Lair:5   | Killed Snorg
 15214 | Lair:5   | Received a gift from Okawaru
 15799 | Lair:6   | Entered Level 6 of the Lair of Beasts
 15915 | Lair:6   | Found a viscous altar of Jiyva.
 15916 | Lair:6   | Found a staircase to the Slime Pits.
 16004 | Lair:6   | HP: 5/140 [wyvern (6)]
 16008 | Lair:5   | HP: 1/140 [wyvern (3)]
 16009 | Lair:5   | Slain by a four-headed hydra

Illustrated notes

Levels and vault maps discovered:
D:1:      minmay_arrival_five_plusses, layout_basic
D:2:      layout_loops_corners, hangedman_decor_lopped, patterned_corridor,
          uniq_terence
D:3:      layout_loops_corners, gammafunk_ghost_arena
D:4:      layout_cave_pools, nicolae_overflow_hidden_temple,
          minmay_temple_entry_enclosed_plants, minmay_manual_moon, uniq_ijyb
D:5:      layout_basic, minmay_overflow_temple_star_quad,
          minmay_misc_feat_rugged, minmay_hollow_rounded_squares, uniq_menkaure,
          uniq_edmund, uniq_pikel
D:6:      layout_basic, serial_shops, shop, kennysheep_generic_room_7,
          uniq_maggie
D:7:      nzn_winding_woodlands_cross [nzn_winding_woodlands_5x15_zeroes,
          nzn_winding_woodlands_5x15_sawtooth, nzn_winding_woodlands_5x15_cabin,
          nzn_winding_woodlands_5x15_jagged,
          nzn_winding_woodlands_15x15_eel_pit], layout_basic, serial_shops,
          shop, shop, kennysheep_path_1, minmay_misc_feat_rows
D:8:      layout_loops_ring
D:9:      layout_rooms
D:10:     layout_basic, lair_entry_dummy, serial_shops, nicolae_shop_crystal
D:11:     layout_basic, david_orc_5, serial_bayou_ford_a,
          kennysheep_small_square, uniq_psyche
D:12:     kennysheep_spiral_hall, layout_long_grid, okawaru_humans, uniq_frances
Temple:   hc_temple_tempest_star
Lair:1:   layout_cave_pods, lemuel_fruit_tree, serial_bayou_shore_b,
          grunt_megastairs_3
Lair:2:   layout_hall_layers, dummy_snake_entry, special_room [special_room_bee]
Lair:3:   layout_chaotic_city, nicolae_swamp_entry_splash_gauntlet,
          gammafunk_ghost_cemetery
Lair:4:   layout_gridlike, uniq_sonja
Lair:5:   layout_small_grid, uniq_snorg
Lair:6:   minmay_lair_end_enchanted_forest, layout_gridlike, slime_altar_1,
          special_room [special_room_mythical_zoo], minmay_shattered_shrine,
          uniq_josephine

Skill      XL: |  1  2  3  4  5  6  7  8  9 10 11 12 13 14 |
---------------+-------------------------------------------+-----
Unarmed Combat | 3 4 5 6 7 8 10 11 12 13 | 13.5
Fighting       | 3 4 5 6 7 8 9 |  9.4
Dodging        | 3 4 5 6 7 |  7.9
Shields        | 3 4 5 6 7 8 |  8.3
Invocations    | 2 3 5 6 7 |  7.5
Throwing       | 2 3 4 6 |  6.5
Armour         | 1 3 5 6 |  6.6

Action                   |  1- 3 |  4- 6 |  7- 9 | 10-12 | 13-15 || total
-------------------------+-------+-------+-------+-------+-------++-------
Melee: Unarmed           |    81 |   153 |   335 |   509 |   619 ||  1697
       Broad axe         |       |       |       |       |    13 ||    13
Throw: Stone             |     6 |       |       |       |       ||     6
       Dart              |       |       |       |    15 |       ||    15
       Large rock        |       |       |       |     3 |       ||     3
       Javelin           |       |       |       |       |     7 ||     7
Invok: Heroism           |       |       |     1 |       |       ||     1
  Use: Potion            |       |     5 |     1 |     1 |     3 ||    10
       Scroll            |       |     2 |    12 |    11 |     2 ||    27
 Stab: Sleeping          |       |     2 |     1 |       |       ||     3
Armor: Robe              |    34 |    49 |    38 |       |       ||   121
       Swamp dragon scal |       |       |    27 |   149 |   381 ||   557
Dodge: Dodged            |    37 |    60 |    84 |   176 |   372 ||   729
Block: Kite shield       |    41 |    68 |   153 |   274 |   447 ||   983
       Reflection        |       |       |       |     5 |       ||     5
